 Dungeon Crawl Stone Soup version 0.27.1-33-g824d729ab1 (webtiles) character file.

Game seed: 3753210316754287681

408 R33an1 the Ducker (level 6, -2/54 (56) HPs)
             Began as a Deep Dwarf Monk on Nov 28, 2021.
             Was an Initiate of Wu Jian.
             Slain by a flying skull (4 damage)
             ... created by the player character
             ... on level 4 of the Dungeon.
             The game lasted 00:25:57 (2964 turns).

R33an1 the Ducker (Deep Dwarf Monk)                 Turns: 2964, Time: 00:25:58

HP:   -2/54 (56)    AC:  4    Str: 16    XL:     6   Next: 57%
MP:   4/4           EV: 14    Int: 11    God:    Wu Jian [......]
Gold: 185           SH:  0    Dex: 15    Spells: 5/5 levels left

rFire    . . .     SeeInvis .   g - +2 dagger (drain)
rCold    . . .     Faith    .   (no shield)
rNeg     . . .     Spirit   .   b - +1 robe
rPois    .         Reflect  .   m - +0 helmet
rElec    .         Harm     .   (no cloak)
rCorr    .         Rampage  .   (no gloves)
Will     .....                  (no boots)
Stlth    +++.......             (no amulet)
HPRegen  0.00/turn              (no ring)
MPRegen  0.09/turn              (no ring)

@: studying Throwing, lightly drained
A: damage resistance, heal wounds, sense surroundings 1, no regeneration
a: Heal Wounds, Renounce Religion


You were on level 4 of the Dungeon.
You worshipped Wu Jian.
Wu Jian was noncommittal.
You visited 1 branch of the dungeon, and saw 4 of its levels.

You collected 185 gold pieces.

Inventory:

Hand Weapons
 a - a +0 hand axe
 g - a +2 dagger of draining (weapon)
 q - a +0 dagger
Missiles
 c - 25 poisoned darts
Armour
 b - a +1 robe (worn)
 k - a +0 leather armour
 m - a +0 helmet (worn)
Scrolls
 f - a scroll of brand weapon {unknown}
 o - a scroll of teleportation
Potions
 d - a potion of heal wounds
 e - a potion of flight
 h - 2 potions of magic {unknown}
 i - a potion of mutation {unknown}
 j - a potion of resistance {unknown}
 l - 2 potions of curing {unknown}
 p - a potion of invisibility {unknown}
 r - 2 potions of ambrosia {unknown}


   Skills:
 + Level 3.6 Fighting
 + Level 3.0 Short Blades
 + Level 4.4 Axes
 + Level 4.7 Dodging
 + Level 4.5 Stealth
 + Level 0.6 Invocations


You had 5 spell levels left.
You didn't know any spells.
Your spell library was empty.

Dungeon Overview and Level Annotations

Branches:
Dungeon (4/15)
 Temple: D:4-7

Altars:
Cheibriados
Wu Jian
Yredelemnul

Portals:
Ossuary: D:4


Innate Abilities, Weirdness & Mutations

You are resistant to damage.
You can heal yourself by infusing magical energy.
You passively map a small area around you.
You do not regenerate.


Message History

You have lost your religion!
Yredelemnul does not appreciate desertion!
Yredelemnul reclaims all of your granted undead slaves!
The Council welcomes you!
You can now perform damaging attacks by moving towards foes.
The flying skull barely misses you. x2; The wight closely misses you.
The flying skull hits you. x2
You miss the flying skull. The flying skull hits you!
The flying skull hits you. x2; The flying skull barely misses you.
The wight hits you but does no damage.
You barely miss the flying skull. The flying skull barely misses you.
The flying skull hits you. The flying skull hits you!
The flying skull closely misses you. The wight closely misses you.
The flying skull barely misses you.
The flying skull hits you but does no damage.
You hit the flying skull but do no damage.
The flying skull barely misses you. The flying skull hits you!
* * * LOW HITPOINT WARNING * * *
The flying skull barely misses you. The flying skull misses you.
The flying skull completely misses you.
The wight hits you with a +0 morningstar!
* * * LOW HITPOINT WARNING * * *
The flying skull completely misses you.
You feel much better. The flying skull hits you. x4
The wight closely misses you.
You barely miss the flying skull. The flying skull hits you.
* * * LOW HITPOINT WARNING * * *
The flying skull hits you but does no damage.
The flying skull barely misses you. The flying skull hits you.
* * * LOW HITPOINT WARNING * * *
The flying skull hits you but does no damage.
The flying skull hits you!
* * * LOW HITPOINT WARNING * * *
The flying skull barely misses you.
The wight hits you with a +0 morningstar.
* * * LOW HITPOINT WARNING * * *
You feel drained.
The flying skull hits you but does no damage.
You hit the wight but do no damage. The flying skull hits you.
You die...

* *** **,**,,,* **** #, ** #.*
*#.****,,** *,,###. ,*** #.#
*#.** *,,,* **,,...
,,.#####.###.** *,,,*** ***...
,*#.......#.#* *,,,,,*#*####.#
**#.........*#########,,..,.....#
*,<........###(......##.#**#....#
,,,,**#.....##..zz......# ##....
,,*** #......#(.@z...#*** *#....>
,** #...z..#.z♣z...# **,..##. **
##..##.##...z...# **,,,**## *
#...##..........# **,,,*###†
#...#####.......#**,,,*##... #
#..## #..≈≈≈..#,,,,**#.... #
####..## #..≈≈≈..#,,,*.....#.
###......## #≈≈≈≈≈≈.#*,,*.#.####
..........#**#≈≈≈≈≈≈≈#***,,##* #


You could see 5 flying skulls and a wight.

Vanquished Creatures
  An ogre (D:4)
  Robin (D:2)
  2 adders
  A dart slug (D:1)
  8 ball pythons
  3 bats (D:1)
  7 endoplasms
  2 giant cockroaches
  10 goblins
  10 hobgoblins
  4 jackals (D:1)
  3 quokkas
  4 kobolds
  3 rats
  A spectral kobold (D:1)
60 creatures vanquished.

Vanquished Creatures (collateral kills)
  Sigmund (D:4)
  A necrophage (D:4)
  A phantom (D:4)
  A bullfrog zombie (D:4)
  An adder (D:3)
  An ufetubus (D:4)
  A worm (D:3)
  An orc (D:4)
  An endoplasm (D:4)
  3 giant cockroaches
  A goblin (D:3)
  2 hobgoblins
  2 jackals (D:4)
  2 kobolds
  A quokka (D:4)
  A ball python (D:3)
  A frilled lizard (D:3)
22 creatures vanquished.

Grand Total: 82 creatures vanquished

Notes
Turn   | Place    | Note
-------+----------+-------------------------------------------
     0 | D:1      | R33an1 the Deep Dwarf Monk began the quest for the Orb.
     0 | D:1      | Reached XP level 1. HP: 20/20 MP: 1/1
   196 | D:1      | Reached XP level 2. HP: 17/27 MP: 2/2
   534 | D:1      | Found a faded altar of an unknown god.
   564 | D:1      | Became a worshipper of Yredelemnul the Dark
   564 | D:1      | Reached * piety under Yredelemnul
   564 | D:1      | Reached ** piety under Yredelemnul
   739 | D:1      | Reached *** piety under Yredelemnul
  1064 | D:2      | Reached XP level 3. HP: 27/33 MP: 2/2
  1317 | D:2      | Noticed Robin
  1344 | D:2      | Killed Robin
  1834 | D:3      | Reached XP level 4. HP: 40/42 MP: 3/3
  1840 | D:3      | Received a gift from Yredelemnul (5 flying skulls)
  1859 | D:3      | Found a snail-covered altar of Cheibriados.
  1928 | D:3      | Reached skill level 1 in Short Blades
  2062 | D:3      | Received a gift from Yredelemnul (a wight)
  2347 | D:4      | Found a sand-covered staircase.
  2430 | D:4      | Noticed Sigmund
  2437 | D:4      | Killed Sigmund
  2438 | D:4      | Reached XP level 5. HP: 40/49 MP: 4/4
  2739 | D:4      | Received a gift from Yredelemnul (a wight)
  2811 | D:4      | Noticed an ogre
  2819 | D:4      | Killed an ogre
  2820 | D:4      | Reached XP level 6. HP: 37/56 MP: 5/5
  2946 | D:4      | Found an ornate altar of the Wu Jian Council.
  2958 | D:4      | Fell from the grace of Yredelemnul
  2958 | D:4      | Became a worshipper of the Wu Jian Council
  2963 | D:4      | HP: 2/56 [wight[the player character] (1)]
  2964 | D:4      | Slain by a flying skull

Illustrated notes

Levels and vault maps discovered:
D:1:      pf_arrival_petrified_forest, layout_loops_corners,
          dreamdust_ecumenical_altar_drowned_temple, minmay_pentomino_r2
D:2:      layout_basic, uniq_robin
D:3:      layout_loops_ring, amcnicky_altar_gilded, nicolae_underground_beach
D:4:      layout_layer_cave, nzn_wu_jian_contemplation, enter_ossuary_2,
          minmay_manual_monstrance, uniq_sigmund

Skill      XL: |  1  2  3  4  5  6 |
---------------+-------------------+-----
Axes           | 4 |  4.4
Fighting       | 3 |  3.6
Dodging        | 4 |  4.7
Short Blades   | 2 3 |  3.0
Stealth        | 4 |  4.5
Invocations    | |  0.6

Action                   |  1- 3 |  4- 6 || total
-------------------------+-------+-------++-------
Melee: Hand axe          |    74 |       ||    74
       Dagger            |    73 |    54 ||   127
Invok: Animate Dead      |     1 |       ||     1
 Abil: Heal Wounds       |     3 |     2 ||     5
  Use: Scroll            |     2 |     6 ||     8
 Stab: Sleeping          |     4 |     3 ||     7
Armor: Robe              |    24 |    14 ||    38
Dodge: Dodged            |    83 |    46 ||   129
